 Dungeon Crawl Stone Soup version 0.28-a0-1506-g3893175d92 (webtiles) character file.

Game seed: 6518297319863432548

18855 gimp the Severer (level 12, -14/104 HPs)
             Began as a Hill Orc Fighter on Jan 13, 2022.
             Was a High Priest of Okawaru.
             Demolished by a large abomination (20 damage)
             ... on level 2 of the Abyss on Jan 14, 2022.
             The game lasted 00:28:23 (14768 turns).

gimp the Severer (Hill Orc Fighter)                Turns: 14768, Time: 00:28:23

Health: -14/104    AC: 28    Str: 24    XL:     12   Next: 62%
Magic:  21/21      EV:  6    Int:  4    God:    Okawaru [*****.]
Gold:   528        SH: 15    Dex: 10    Spells: 11/11 levels left

rFire   + + .      SeeInvis .   a - +0 war axe
rCold   + + .      Faith    .   f - +0 kite shield
rNeg    + . .      Spirit   .   H - +0 crystal plate armour "Toto" {rF+ Regen+}
rPois   .          Reflect  +   v - +0 helmet
rElec   .          Harm     .   B - +0 cloak of Votuimie {Slay+2}
rCorr   .          Rampage  .   A - +2 pair of gloves
Will    .....                   L - +2 pair of boots
Stlth   ..........              s - amulet of Wuzas {Reflect rF+ rC+ rN+ Int-4 SH+5}
HPRegen 0.00/turn               q - ring of protection from cold
MPRegen 0.17/turn               T - ring of flight

@: heroic, sick, flying
A: no striking features
a: Renounce Religion, Heroism, Finesse, Duel


You were on level 2 of the Abyss.
You worshipped Okawaru.
Okawaru was extremely pleased with you.
You visited 3 branches of the dungeon, and saw 15 of its levels.
You visited the Abyss 1 time.

You collected 756 gold pieces.
You spent 228 gold pieces at shops.

Inventory:

Hand Weapons
 a - a +0 war axe (weapon)
 b - a +4 hand axe
 w - a +2 short sword of electrocution
 Q - a +4 scimitar of flaming
Missiles
 c - 23 poisoned darts
 C - 2 silver javelins
 F - a curare-tipped dart (quivered)
 O - a throwing net
Armour
 f - a +0 kite shield (worn)
 v - a +0 helmet (worn)
 A - a +2 pair of gloves (worn)
 B - the +0 cloak of Votuimie (worn) {Slay+2}
   (You bought it in a shop on level 2 of the Dungeon)

   Slay:      It affects your accuracy & damage with ranged weapons and melee
   (+2).
 H - the +0 crystal plate armour "Toto" (worn) {rF+ Regen+}
   (Okawaru gifted it to you on level 8 of the Dungeon)

   rF:        It protects you from fire.
   Regen:     It increases your rate of health regeneration.
 L - a +2 pair of boots (worn)
Jewellery
 q - a ring of protection from cold (left hand)
 s - the amulet of Wuzas (around neck) {Reflect rF+ rC+ rN+ Int-4 SH+5}
   (You found it on level 3 of the Dungeon)

   [amulet of reflection]

   It reflects blocked missile attacks.
   Int:       It affects your intelligence (-4).
   rF:        It protects you from fire.
   rC:        It protects you from cold.
   rN:        It protects you from negative energy.
   SH:        It affects your SH (+5).
 T - a ring of flight (right hand)
Wands
 J - a wand of paralysis (3)
 P - a wand of acid (4)
 U - a wand of mindburst (5)
Scrolls
 g - 3 scrolls of silence {unknown}
 h - 3 scrolls of noise {unknown}
 m - 2 scrolls of fog {unknown}
 o - 7 scrolls of teleportation {unknown}
 p - a scroll of acquirement {unknown}
 t - 5 scrolls of amnesia {unknown}
 u - a scroll of enchant weapon
 x - 2 scrolls of holy word {unknown}
 y - 2 scrolls of brand weapon
 G - 2 scrolls of blinking {unknown}
 I - 2 scrolls of immolation {unknown}
 M - a scroll of magic mapping
Potions
 d - a potion of might
 i - 2 potions of magic
 j - a potion of ambrosia
 k - 4 potions of curing
 l - 3 potions of flight
 n - 4 potions of berserk rage
 z - 4 potions of brilliance
 D - 2 potions of lignification
 E - a potion of attraction
 K - 4 potions of haste
 R - a potion of mutation
 S - a potion of invisibility


   Skills:
 - Level 9.0(14.0) Fighting
 - Level 18.0(23.0) Axes
 - Level 3.2(8.2) Armour
 + Level 7.4(12.4) Dodging
 - Level 3.2(8.2) Shields
 - Level 13.0 Invocations


You had 11 spell levels left.
You didn't know any spells.
Your spell library contained the following spells:

 Spells                   Type           Power      Damage    Failure   Level
 Apportation              Tloc           0%         N/A       100%        1
 Magic Dart               Conj           0%         1d3       100%        1
 Ensorcelled Hibernation  Hex/Ice        0%         N/A       100%        2
 Searing Ray              Conj           0%         2d4       100%        2
 Static Discharge         Conj/Air       0%         N/A       100%        2
 Sublimation of Blood     Necr           0%         N/A       100%        2
 Dazzling Flash           Conj/Hex       0%         N/A       100%        3
 Gell's Gravitas          Tloc           0%         N/A       100%        3
 Spider Form              Tmut/Pois      0%         N/A       100%        3
 Stone Arrow              Conj/Erth      0%         3d7       100%        3
 Anguish                  Hex/Necr       0%         N/A       100%        4
 Fulminant Prism          Conj/Hex       0%         3d6       100%        4
 Iskenderun's Mystic Bla  Conj/Tloc      0%         2d3       100%        4
 Petrify                  Tmut/Erth      0%         N/A       100%        4
 Alistair's Intoxication  Tmut/Pois      0%         N/A       100%        5
 Borgnjor's Vile Clutch   Necr/Erth      0%         N/A       100%        5
 Irradiate                Conj/Tmut      0%         3d14      100%        5
 Lightning Bolt           Conj/Air       0%         1d11      100%        5
 Starburst                Conj/Fire      0%         6d3       100%        6
 Enfeeble                 Hex            0%         N/A       100%        7
 Lehudib's Crystal Spear  Conj/Erth      0%         10d2      100%        8
 Maxwell's Capacitive Co  Air            0%         ∞         100%        8
 Tukima's Dance           Hex            Unusable   N/A       N/A         3
 Animate Armour           Summ/Erth      Unusable   N/A       N/A         4
 Animate Dead             Necr           Unusable   N/A       N/A         4
 Summon Forest            Summ/Tloc      Unusable   N/A       N/A         5
 Death Channel            Necr           Unusable   N/A       N/A         6
 Malign Gateway           Summ/Tloc      Unusable   N/A       N/A         7

Dungeon Overview and Level Annotations

Branches:
Dungeon (13/15)            Temple (1/1) D:4            Lair (0/6) D:8
    Orc (1/2) D:9
 Vaults: D:13-14

Altars:
Ashenzari
Cheibriados
Dithmenos
Elyvilon
Fedhas
Gozag
Hepliaklqana
Kikubaaqudgha
Makhleb
Nemelex Xobeh
Okawaru
Qazlal
Ru
Sif Muna
Trog
Uskayaw
Vehumet
Wu Jian
Xom
Yredelemnul
Zin
The Shining One

Shops:
D:2 [

Annotations:
Orc:1 Sonja


Message History

You slash the ancient zyme!
The ancient zyme is almost destroyed.
You hit the large abomination. You block the ancient zyme's attack.
The ancient zyme hits you but does no damage.
You slash the ancient zyme!
You destroy the ancient zyme!
That felt strangely unrewarding.
Okawaru accepts your kill.
You hit the large abomination but do no damage.
The large abomination closely misses you.
You hit the large abomination but do no damage.
The large abomination is heavily damaged.
A large abomination comes into view.
You block the large abomination's attack.
You barely miss the large abomination.
The large abomination is heavily damaged.
You slash the large abomination!
The large abomination is almost destroyed.
You block the large abomination's attack.
You slash the large abomination!
You destroy the large abomination!
That felt strangely unrewarding.
Okawaru accepts your kill.
MP restored: 21 You barely miss the large abomination.
The large abomination hits you!!
* * * LOW HITPOINT WARNING * * *
You take 25 damage, and have 31/104 hp.
MASSIVE DAMAGE!!
You slash the large abomination!
The large abomination is moderately damaged.
A large abomination comes into view.
You hit the large abomination but do no damage.
The large abomination is moderately damaged.
The large abomination hits you!!
* * * LOW HITPOINT WARNING * * *
You take 25 damage, and have 6/104 hp.
MASSIVE DAMAGE!!
You hit the large abomination but do no damage.
The large abomination is moderately damaged.
A small abomination comes into view.
The large abomination hits you!!
You die...

#. .## .#
..... #.# ...
.# ##... #
..##...#...
...... ...##
. #.. ##.#
#.. .. ##
#.###### #
...
#.#.#......#
. .
#......@####
...
#.#..#X#..X.#
. #.... .####
. #....#..
.###...#..
##. #... ..#
. .#x# .#.
... ....


You could see 2 large abominations and a small abomination (wandering).

Vanquished Creatures
  Josephine (D:11)
  2 boulder beetles
  3 death yaks
  2 ugly things (D:12)
  A manticore (D:12)
  2 cyclopes
  An efreet (D:11)
  An unseen horror (D:12)
  An ancient zyme (Abyss:2)
  Grinder (D:5)
  3 trolls
  Prince Ribbit (D:5)
  A meliai zombie (D:11)
  3 shadows
  A large abomination (Abyss:2)
  3 vampires
  17 yaks
  A wyvern (D:10)
  5 wraiths
  A steam dragon (D:6)
  A basilisk (D:8)
  6 vampire mosquitoes (D:12)
  Menkaure (D:5)
  5 wargs (D:9)
  2 acid dragons
  2 water moccasins
  An ice beast (D:8)
  A sky beast (D:6)
  13 orc warriors
  A hornet zombie (D:9)
  2 black bears
  7 ogres
  6 centaurs
  3 kobold brigands
  2 phantoms
  A bullfrog (D:7)
  A scorpion (D:5)
  A wyvern skeleton (D:6)
  3 water moccasin skeletons
  12 killer bees
  3 wights (D:8)
  5 howler monkeys
  A bullfrog zombie (D:6)
  2 centaur zombies (D:9)
  10 orc priests
  2 hounds
  A bullfrog skeleton (D:5)
  A centaur skeleton (D:6)
  Natasha (thrice) (D:3)
  14 orc wizards
  5 killer bee zombies
  A hound skeleton (D:5)
  A howler monkey zombie (D:10)
  4 gnolls (D:4)
  7 adders
  2 white imps
  A worm (D:3)
  4 dart slugs
  27 orcs
  4 bats
  5 endoplasms
  2 giant cockroaches (D:1)
  18 hobgoblins
  14 jackals
  3 quokkas
  7 ball pythons
  3 frilled lizards
  11 goblins
  22 kobolds
305 creatures vanquished.

Vanquished Creatures (others)
  5 plants (D:8)
5 creatures vanquished.

Grand Total: 310 creatures vanquished

Notes
Turn   | Place    | Note
-------+----------+-------------------------------------------
     0 | D:1      | gimp the Hill Orc Fighter began the quest for the Orb.
     0 | D:1      | Reached XP level 1. HP: 19/19 MP: 1/1
   283 | D:1      | You fall into a shaft and drop 1 floor!
   283 | D:2      | Found Naovaorph's Antique Armour Shop.
   287 | D:2      | Reached skill level 3 in Axes
   410 | D:2      | Reached XP level 2. HP: 17/27 MP: 2/2
   542 | D:1      | Found a faded altar of an unknown god.
   972 | D:1      | Reached skill level 4 in Axes
  1038 | D:1      | Reached XP level 3. HP: 33/33 MP: 3/3
  1807 | D:2      | Reached XP level 4. HP: 41/41 MP: 4/4
  2062 | D:3      | Reached skill level 5 in Axes
  2217 | D:3      | Noticed an ogre
  2231 | D:3      | Killed an ogre
  2232 | D:3      | Reached skill level 5 in Fighting
  2232 | D:3      | Reached skill level 6 in Axes
  2232 | D:3      | Reached XP level 5. HP: 19/48 MP: 5/5
  2446 | D:3      | Identified the amulet of Wuzas {Reflect rF+ rC+ rN+ Int-4
                  | SH+5}
  2526 | D:3      | Noticed Natasha
  2545 | D:3      | Killed Natasha
  2703 | D:3      | Identified the +6 hunting sling of the Moth {freeze, rC+}
  2844 | D:3      | Noticed Natasha
  2849 | D:3      | Killed Natasha
  2973 | D:3      | Reached XP level 6. HP: 55/56 MP: 6/6
  3069 | D:4      | Reached skill level 7 in Axes
  3359 | D:4      | Found a staircase to the Ecumenical Temple.
  3385 | Temple   | Entered the Ecumenical Temple
  3771 | Temple   | Became a worshipper of Warmaster Okawaru
  4107 | D:4      | Reached skill level 1 in Invocations
  4222 | D:4      | Reached XP level 7. HP: 61/62 MP: 7/7
  4434 | D:5      | Entered Level 5 of the Dungeon
  4434 | D:5      | Noticed Menkaure
  4441 | D:5      | Killed Menkaure
  4442 | D:5      | Reached skill level 8 in Axes
  4585 | D:5      | Noticed Grinder
  4602 | D:5      | Killed Grinder
  4602 | D:5      | Reached * piety under Okawaru
  4603 | D:5      | Reached skill level 9 in Axes
  4689 | D:5      | Reached XP level 8. HP: 70/71 MP: 10/10
  4784 | D:5      | Noticed Prince Ribbit
  4793 | D:5      | Killed Prince Ribbit
  4797 | D:5      | Reached skill level 10 in Axes
  5209 | D:6      | Reached ** piety under Okawaru
  5296 | D:6      | Reached skill level 5 in Invocations
  5342 | D:3      | Noticed Natasha
  5344 | D:3      | Killed Natasha
  5398 | D:2      | Bought a polished cloak for 228 gold pieces
  5398 | D:2      | Identified the +0 cloak of Votuimie {Slay+2} (You bought it
                  | in a shop on level 2 of the Dungeon)
  5570 | D:6      | Reached skill level 11 in Axes
  5660 | D:6      | Reached XP level 9. HP: 65/81 MP: 13/13
  6238 | D:6      | Reached *** piety under Okawaru
  6507 | D:7      | Reached skill level 12 in Axes
  6629 | D:7      | Got the Catalogue of Orientation
  7828 | D:8      | Reached skill level 13 in Axes
  8042 | D:8      | Reached **** piety under Okawaru
  8043 | D:8      | Reached XP level 10. HP: 87/91 MP: 16/16
  8235 | D:8      | Noticed a death yak
  8236 | D:8      | Noticed a death yak
  8477 | D:6      | Killed a death yak
  8478 | D:6      | Reached skill level 14 in Axes
  8794 | D:8      | Noticed a death yak
  9128 | D:6      | Killed a death yak
  9576 | D:7      | Killed a death yak
  9576 | D:7      | Reached ***** piety under Okawaru
  9577 | D:7      | Reached skill level 15 in Axes
  9770 | D:8      | Reached skill level 10 in Invocations
  9771 | D:8      | Identified the +0 crystal plate armour "Toto" {rF+ Regen+}
                  | (Okawaru gifted it to you on level 8 of the Dungeon)
  9771 | D:8      | Received a gift from Okawaru
 10002 | D:8      | Found a staircase to the Lair.
 10555 | D:9      | Reached XP level 11. HP: 97/97 MP: 18/18
 10562 | D:9      | Reached skill level 16 in Axes
 10610 | D:9      | Reached skill level 1 in Dodging
 10780 | D:9      | Found a staircase to the Orcish Mines.
 10824 | D:9      | Found a blossoming altar of Fedhas.
 10903 | D:9      | Identified the +1 ring mail of Tartarus {Rampage Str+3}
 11094 | D:10     | Entered Level 10 of the Dungeon
 11612 | D:10     | Reached skill level 17 in Axes
 12084 | D:11     | Noticed Josephine
 12110 | D:11     | Killed Josephine
 12571 | D:11     | Noticed a boulder beetle
 12759 | D:12     | Noticed a cyclops
 12770 | D:12     | Killed a cyclops
 12795 | D:12     | Noticed a boulder beetle
 12796 | D:12     | Noticed a white ugly thing
 12821 | D:12     | Killed a white ugly thing
 12821 | D:12     | Received a gift from Okawaru
 12830 | D:12     | Reached skill level 18 in Axes
 12830 | D:12     | Reached XP level 12. HP: 76/104 MP: 21/21
 12890 | D:12     | Killed a boulder beetle
 13017 | D:12     | Reached skill level 5 in Dodging
 13635 | D:13     | Noticed a centaur warrior
 14135 | D:11     | Killed a boulder beetle
 14307 | Orc:1    | Entered Level 1 of the Orcish Mines
 14502 | Orc:1    | Noticed Sonja
 14678 | Orc:1    | Cast into level 2 of the Abyss (Sonja)
 14678 | Abyss:2  | Found a corrupted altar of Lugonu.
 14712 | Abyss:2  | Noticed a wretched star
 14736 | Abyss:2  | Noticed a wretched star
 14768 | Abyss:2  | Demolished by a large abomination

Illustrated notes

Levels and vault maps discovered:
D:1:      wander_arrival_fairy_ring, layout_basic,
          ebering_ecumenical_altar_sacrificial
D:2:      minmay_wonky_spiral, layout_basic, serial_shops,
          nicolae_shop_hallway_plus
D:3:      minmay_spotlight, layout_basic, minmay_misc_feat_pillars, uniq_natasha
D:4:      layout_loops_corners, minmay_temple_entry_grid
D:5:      layout_cave_pools, uniq_menkaure, uniq_grinder, uniq_prince_ribbit1
D:6:      layout_loops_ring, serial_park_tiny_2
D:7:      layout_loops_ring, serial_rivers, chequers_serial_rivers_room_a,
          chequers_serial_rivers_room_a, chequers_serial_rivers_marsh,
          chequers_serial_rivers_room_a, chequers_serial_rivers_large_a
D:8:      corexii_shack_village, layout_cave_pods, dpeg_lair_monsters
D:9:      kennysheep_ambush_hall, layout_rooms, fedhas_bush_and_centaur_altar,
          minmay_orc_entry_guard_dogs
D:10:     layout_gridville
D:11:     layout_basic, uniq_josephine
D:12:     layout_basic
D:13:     layout_rooms, uniq_frances
Temple:   mainiacjoe_temple_trianglar_array
Orc:1:    layout_caves, uniq_sonja
Abyss:2:  base: D:9, serial_sigils_hangedman_gut, hangedman_decor_peaks_small

Skill      XL: |  1  2  3  4  5  6  7  8  9 10 11 12 |
---------------+-------------------------------------+-----
Axes           | 3 4 6 7 9 11 13 15 18 | 18.0
Fighting       | 4 5 6 8 9 |  9.0
Invocations    | 1 3 5 8 10 12 13 | 13.0
Dodging        | 4 7 |  7.4
Armour         | |  3.2
Shields        | |  3.2

Action                   |  1- 3 |  4- 6 |  7- 9 | 10-12 || total
-------------------------+-------+-------+-------+-------++-------
Melee: War axe           |    80 |   128 |   193 |   487 ||   888
       Hand axe          |       |       |       |   268 ||   268
Throw: Dart              |       |       |       |     3 ||     3
Invok: Heroism           |       |       |       |     5 ||     5
       Finesse           |       |       |       |     1 ||     1
Evoke: Wand              |       |       |       |     2 ||     2
  Use: Scroll            |       |       |    10 |     7 ||    17
       Potion            |       |       |       |     2 ||     2
Armor: Scale mail        |    29 |    37 |       |       ||    66
       Chain mail        |       |    13 |    86 |    50 ||   149
       Crystal plate arm |       |       |       |   410 ||   410
Dodge: Dodged            |    25 |    46 |    41 |    90 ||   202
Block: Buckler           |     5 |       |       |       ||     5
       Kite shield       |    24 |   107 |   127 |   469 ||   727
       Reflection        |       |     2 |     1 |    19 ||    22

Table legend: (Time is in decaauts)
 A = Elapsed time spent in this place.
 B = Non-inter-level travel time spent in this place.
 C = Inter-level travel time spent in this place.
 D = Time resting spent in this place.
 E = Time spent auto-exploring this place.
 F = Levels seen in this place.
 G = Mean time per level.
                   A        B        C        D        E       F      G
               +--------+--------+--------+--------+--------+-----+--------+
         Total |  14851 |  14110 |    741 |   1762 |   9604 |  16 |  928.2 |
       Dungeon |  14193 |  13478 |    715 |   1762 |   9182 |  13 | 1091.8 |
        Temple |    402 |    377 |     25 |      0 |    375 |   1 |  402.0 |
  Orcish Mines |    167 |    167 |      0 |      0 |     20 |   1 |  167.0 |
         Abyss |     87 |     87 |      0 |      0 |     27 |   1 |   87.0 |
               +--------+--------+--------+--------+--------+-----+--------+

Top non-repeatable levels by time:
     D:7: 2126 daAuts
     D:6: 1827 daAuts
     D:8: 1237 daAuts
     D:1: 1142 daAuts
    D:12: 1135 daAuts
     D:3: 1092 daAuts
    D:11: 1042 daAuts
     D:4: 1022 daAuts
     D:2: 984 daAuts
    D:10: 967 daAuts
     D:5: 814 daAuts
     D:9: 793 daAuts
  Temple: 402 daAuts
   Orc:1: 167 daAuts
 Abyss:2: 87 daAuts
